 Dungeon Crawl Stone Soup version 0.22-a0-587-g7d32d7c (webtiles) character file.

35 inc the Caller (level 3, -1/14 HPs)
             Began as a Felid Summoner on July 4, 2018.
             Slain by a worker ant (6 damage)
             ... on level 2 of the Dungeon.
             The game lasted 00:02:10 (1585 turns).

inc the Caller (Felid Summoner)                     Turns: 1585, Time: 00:02:11

Health: -1/14      AC:  1    Str:  4    XL:     3   Next: 17%
Magic:  7/7        EV: 18    Int: 17    God:
Gold:   60         SH:  0    Dex: 16    Spells: 0/6 levels left
                                        Lives:  0   Deaths: 0

rFire    . . .     SeeInvis +     - Unarmed
rCold    . . .     Gourm    .   (shield unavailable)
rNeg     . . .     Faith    .   (armour unavailable)
rPois    .         Spirit   .   (helmet unavailable)
rElec    .         Reflect  .   (cloak unavailable)
rCorr    .         Harm     .   (gloves unavailable)
MR       .....                  (boots unavailable)
Stlth    +++.......             (no amulet)
HPRegen  0.04/turn              (no ring)
MPRegen  0.10/turn              (no ring)

@: quick
A: very small, no armour, no weapons or thrown items, stealth, claws 1, fangs 3,
see invisible, carnivore, speed 1, shaggy fur 1, slow metabolism 1, sharp paws
a: no special abilities


You were on level 2 of the Dungeon.
You were completely stuffed.

You visited 1 branch of the dungeon, and saw 2 of its levels.

You collected 60 gold pieces.

Inventory:

Scrolls
 c - a scroll of teleportation {unknown}
 d - a scroll of fear {unknown}
 e - a scroll of immolation {unknown}
 h - 3 scrolls of identify {unknown}
 i - a scroll of enchant armour {unknown}
 k - a scroll of remove curse {unknown}
Potions
 a - a potion of flight
 f - a potion of lignification {unknown}
Comestibles
 b - 5 rations


   Skills:
 - Level 2.6 Dodging
 - Level 2.6 Stealth
 + Level 2.9 Unarmed Combat
 - Level 2.0 Spellcasting
 - Level 4.0 Summonings


You couldn't memorise any spells.
You knew the following spells:

 Your Spells              Type           Power        Failure   Level  Hunger
a - Summon Small Mammal   Summ           ###.         3%          1    #......
b - Call Imp              Summ           ###.....     5%          2    ###....
c - Call Canine Familiar  Summ           ###.....     11%         3    ###....

Your spell library contained the following spells:

 Spells                   Type           Power        Failure   Level  Hunger
 Summon Ice Beast         Ice/Summ       #.......     63%         4    #####..
 Summon Lightning Spire   Summ/Air       #.......     63%         4    #####..
 Summon Guardian Golem    Hex/Summ       #.......     26%         3    ###....


Dungeon Overview and Level Annotations

Branches:
Dungeon (2/15)

Altars:


Innate Abilities, Weirdness & Mutations

You cannot wear armour.
You are incapable of wielding weapons or throwing items.
Your paws allow you to move quietly. (Stealth)
You have sharp claws.
You have razor-sharp teeth.
You have supernaturally acute eyesight. (SInv)
You are carnivorous and can eat meat at any time.
You cover ground quickly.
You are covered in fur. (AC +1)
You have a slow metabolism.
Your sharp claws are effective at attacking unaware monsters.


Message History

HP restored.
All of the chunks of flesh in your inventory have rotted away.
a - a potion of flight A worker ant comes into view.
A worker ant is nearby!
You pounce on the unaware helpless worker ant!
You claw the worker ant!
The worker ant is severely wounded.
The worker ant waves its antennae.
The worker ant closely misses you.
You scratch the worker ant but do no damage.
The worker ant is severely wounded.
The worker ant bites you.
You barely miss the worker ant.
The worker ant is severely wounded.
The worker ant bites you but does no damage.
You scratch the worker ant but do no damage.
The worker ant is severely wounded.
The worker ant bites you. x2
You die...

# #. # #.## # #. ##.#
.# #..## ###.#a## ..#
#...####...##@#...#
#...##.#...#....#
########....#........#
........>#..........##
###########.#####.###
#.# .# #.# .# #.# .#
...


You could see a worker ant.

Vanquished Creatures
  2 dart slugs (D:1)
  A ball python (D:1)
  3 goblins
  6 hobgoblins (D:1)
  A kobold (D:1)
  2 frilled lizards
  2 rats
17 creatures vanquished.

Vanquished Creatures (collateral kills)
  2 adders (D:2)
  2 hobgoblins
4 creatures vanquished.

Grand Total: 21 creatures vanquished

Notes
Turn   | Place    | Note
-------+----------+-------------------------------------------
     0 | D:1      | inc the Felid Summoner began the quest for the Orb.
     0 | D:1      | Reached XP level 1. HP: 7/7 MP: 4/4
   402 | D:1      | Reached skill level 1 in Unarmed Combat
   491 | D:1      | Reached XP level 2. HP: 11/11 MP: 6/6
   558 | D:1      | Learned a level 2 spell: Call Imp
  1352 | D:2      | Reached XP level 3. HP: 11/14 MP: 2/7
  1411 | D:2      | Learned a level 3 spell: Call Canine Familiar
  1585 | D:2      | Slain by a worker ant

Vault maps used:
D:1:      dpeg_arrival_chambers_temple_mockup, hex_tiny
D:2:      grunt_gozag_breadcrumbs, kennysheep_nub, minmay_tripent

Skill      XL: |  1  2 |
---------------+-------+-----
Unarmed Combat | 1 2 |  2.9
Dodging        | |  2.6
Stealth        | |  2.6
Spellcasting   | |  2.0
Summonings     | |  4.0

Action                   || total
-------------------------++-------
Melee: Unarmed           ||    66
       Bite              ||     8
 Cast: Summon Small Mamm ||     4
       Call Imp          ||     4
  Use: Potion            ||     4
 Stab: Sleeping          ||     3
  Eat: Chunk             ||     9
Armor: Skin              ||     2
Dodge: Dodged            ||    44

Table legend:
 A = Spawn XP
 B = Non-spawn XP
 C = Spawn XP percentage of total XP
 D = Spawn monster count
 E = Non-spawn monster count
 F = Spawn count percentage of total count
 G = Total turns spent on level
                    A         B        C        D         E        F      G
               +---------+---------+-------+---------+---------+-------+---------
         Total |       0 |      51 |   0.0 |       0 |      21 |   0.0 |  1585
               +---------+---------+-------+---------+---------+-------+---------
           D:1 |       0 |      32 |   0.0 |       0 |      15 |   0.0 |  1302
           D:2 |       0 |      19 |   0.0 |       0 |       6 |   0.0 |   283
               +---------+---------+-------+---------+---------+-------+---------
